 Dungeon Crawl Stone Soup version 0.17-a0-1900-g45e8110 (webtiles) character file.

3297 ololoev the Cleaver (level 10, 1/88 HPs)
             Began as a Hill Orc Fighter on Sept 24, 2015.
             Quit the game on level 8 of the Dungeon.
             The game lasted 00:24:02 (3059 turns).

ololoev the Cleaver (Hill Orc Fighter)              Turns: 3059, Time: 00:24:02

Health: 1/88       AC: 16    Str: 23    XL:     10   Next: 1%
Magic:  14/14      EV: 10    Int:  8    God:
Gold:   322        SH:  9    Dex: 10    Spells: 1 memorised, 8 levels left

rFire  . . .     SeeInvis .     a - +0 war axe
rCold  + . .     Clarity  .     w - +0 chain mail
rNeg   . . .     SustAt   .     c - +0 shield
rPois  .         Gourm    .     h - +2 hat
rElec  .         Spirit   .     t - +2 cloak {+Inv}
rCorr  .         Warding  .     (no gloves)
rMut   .         Stasis   .     (no boots)
MR     .....                    (no amulet)
Stlth  ..........               F - ring of protection from cold
                                A - +4 ring of evasion

@: lethally poisoned (1 -> 0), very slightly contaminated, slowed, very slow,
not resistant to hostile enchantments, extremely unstealthy
A: no striking features
a: Evoke Invisibility

Inventory:

Hand weapons
 a - a +0 war axe (weapon)
 b - a +0 blowgun
Missiles
 p - 10 poisoned needles
Armour
 c - a +0 shield (worn)
 h - a +2 hat (worn)
 t - a +2 cloak of invisibility (worn)
 w - a +0 chain mail (worn)
Jewellery
 v - a +1 ring of slaying
 A - a +4 ring of evasion (left hand)
 C - an uncursed ring of teleportation
 D - an uncursed ring of protection from fire
 F - a ring of protection from cold (right hand)
Magical devices
 r - a wand of disintegration (7)
Scrolls
 f - a scroll of noise {unknown}
 g - a scroll of remove curse
 j - 2 scrolls of immolation {unknown}
 k - 3 scrolls of enchant weapon
 l - a scroll of teleportation
 o - a scroll of blinking
 s - 2 scrolls of enchant armour
 y - 2 scrolls of recharging
 z - a scroll of amnesia {unknown}
Potions
 d - a potion of might
 i - 2 potions of invisibility
 n - a potion of cure mutation
 x - 3 potions of brilliance
 E - a potion of flight
Comestibles
 e - 3 bread rations
 u - a slice of pizza


   Skills:
 + Level 8.2 Fighting
 * Level 11.6 Axes
 + Level 7.6 Armour
 - Level 3.2 Shields
 + Level 5.6 Evocations


You had 8 spell levels left.
You knew the following spells:

 Your Spells              Type           Power        Failure   Level  Hunger
a - Apportation           Tloc           #.........   100%        1    ##.....


You were on level 8 of the Dungeon.
You were not hungry.

You visited 2 branches of the dungeon, and saw 9 of its levels.

You collected 322 gold pieces.

..††(†...# ...)l....#
.........# .........#
........##
........#############
........#..8.8.8.8..##
.....................#
.......@(..(#
..########..# . ##.##
... #..# ....####.##
.........# ........##
[...#....# ..........#

Notes
Turn   | Place    | Note
--------------------------------------------------------------
     0 | D:1      | ololoev the Hill Orc Fighter began the quest for the Orb.
     0 | D:1      | Reached XP level 1. HP: 19/19 MP: 1/1
   266 | D:2      | Reached XP level 2. HP: 22/27 MP: 2/2
   444 | D:3      | Reached skill level 4 in Fighting
   444 | D:3      | Reached XP level 3. HP: 12/33 MP: 3/3
   606 | D:4      | Found Hogoan Toept's Book Boutique.
   621 | D:4      | Found a staircase to the Ecumenical Temple.
   625 | Temple   | Entered the Ecumenical Temple
   824 | D:4      | Reached XP level 4. HP: 40/40 MP: 4/4
   984 | D:3      | Reached skill level 5 in Axes
   984 | D:3      | Reached XP level 5. HP: 28/47 MP: 5/5
  1330 | D:5      | Entered Level 5 of the Dungeon
  1461 | D:4      | Reached skill level 1 in Evocations
  1523 | D:4      | Reached XP level 6. HP: 55/55 MP: 6/6
  1535 | D:4      | Reached skill level 6 in Axes
  1535 | D:4      | Reached skill level 5 in Fighting
  1831 | D:6      | Reached skill level 5 in Armour
  1831 | D:6      | Reached XP level 7. HP: 57/61 MP: 8/8
  1871 | D:6      | Reached skill level 7 in Axes
  2321 | D:7      | Found a stormy altar of Qazlal.
  2323 | D:7      | Found a sacrificial altar of Ru.
  2325 | D:7      | Found a shattered altar of Ashenzari.
  2411 | D:7      | Reached skill level 8 in Axes
  2412 | D:7      | Reached XP level 8. HP: 60/70 MP: 8/10
  2805 | D:8      | Found Mubogi's Jewellery Shop.
  2851 | D:8      | Reached skill level 9 in Axes
  2898 | D:8      | Noticed a queen bee
  2966 | D:8      | Noticed Gastronok
  2997 | D:8      | Killed Gastronok
  2997 | D:8      | Reached skill level 11 in Axes
  2997 | D:8      | Reached skill level 5 in Evocations
  2997 | D:8      | Reached XP level 9. HP: 12/81 MP: 11/13
  3027 | D:8      | Learned a level 1 spell: Apportation
  3057 | D:8      | HP: 1/81 [killer bee (5)]
  3058 | D:8      | Reached XP level 10. HP: 1/88 MP: 14/14
  3059 | D:8      | Quit the game

Dungeon Overview and Level Annotations

Branches:
Dungeon (8/15)             Temple (1/1) D:4
   Lair: D:8-11

Altars:
Ashenzari
Cheibriados
Dithmenos
Elyvilon
Gozag
Kikubaaqudgha
Okawaru
Qazlal
Ru
Sif Muna
Trog
Xom
Yredelemnul
Zin
The Shining One

Shops:
D:4 :   D:8 =


Message History

The poisoned needle barely misses the killer bee.
You feel sick.
The killer bee stings you but does no damage.
You block the killer bee's attack. x2
Firing (i - inventory):
p - 13 poisoned needles (quivered)
Press: ? - help, Shift-Dir - straight line, f/p - killer bee
Aim: a killer bee You shoot a poisoned needle.
The poisoned needle closely misses the killer bee.
The killer bee stings you but does no damage. x2
You block the killer bee's attack.
The killer bee stings you but does no damage.
Firing (i - inventory):
p - 12 poisoned needles (quivered)
Press: ? - help, Shift-Dir - straight line, f/p - killer bee
Aim: a killer bee You shoot a poisoned needle.
The poisoned needle hits the killer bee!
The killer bee is poisoned.
You feel sick. The killer bee closely misses you. The killer bee misses you.
The killer bee closely misses you.
Firing (i - inventory):
p - 11 poisoned needles (quivered)
Press: ? - help, Shift-Dir - straight line, f/p - killer bee
Aim: a killer bee (lightly wounded, poisoned)
You shoot a poisoned needle.
The poisoned needle hits the killer bee.
The killer bee looks even sicker.
The killer bee is lightly wounded.
The killer bee closely misses you. The killer bee barely misses you.
You block the killer bee's attack.
a - a +0 war axe (weapon)
You feel sick. The killer bee stings you.
You hit the killer bee but do no damage.
The killer bee is severely wounded.
You kill the killer bee!
You have reached level 10!
You feel stronger.
Drink which item? (? for menu, Esc to quit)
Okay, then.
Evoke which item? (* to show all) (? for menu, Esc to quit)
Okay, then.
Are you sure you want to abandon this character and quit the game? (Confirm with "yes".)

There were no monsters in sight!

Vanquished Creatures
  Gastronok (D:8)
  An ice beast (D:7)
  2 centaurs
  An ogre (D:8)
  4 giant frogs
  A scorpion (D:7)
  6 killer bees
  A crimson imp (D:7)
  A jelly (D:5)
  2 hounds (D:7)
  6 orc priests
  An iguana (D:4)
  3 orc wizards
  5 worker ants
  3 gnolls (D:6)
  4 adders
  An ooze (D:4)
  An adder zombie (D:6)
  6 worms
  3 giant geckos
  18 orcs
  2 ball pythons
  8 goblins
  A hobgoblin (D:2)
  7 jackals
  4 bats
  3 giant cockroaches
  A giant newt (D:3)
  6 kobolds
  3 quokkas
  4 rats (D:3)
110 creatures vanquished.

Vanquished Creatures (collateral kills)
  A killer bee (D:7)
  An orc wizard (D:4)
  4 orcs (D:4)
6 creatures vanquished.

Vanquished Creatures (others)
  3 killer bees
3 creatures vanquished.

Grand Total: 119 creatures vanquished

Action                   |  1- 3 |  4- 6 |  7- 9 | 10-12 || total
-------------------------+-------+-------+-------+-------++-------
Melee: War axe           |    68 |   118 |   175 |       ||   361
 Fire: Blowgun           |       |    16 |    35 |       ||    51
 Abil: Evoke Invisibilit |       |       |     2 |       ||     2
Evoke: Wand              |       |     1 |     7 |       ||     8
  Use: Scroll            |       |     7 |     8 |       ||    15
       Potion            |       |     1 |     3 |       ||     4
 Stab: Betrayed ally     |       |     1 |       |       ||     1
       Invisible         |       |       |     6 |       ||     6
  Eat: Chunk             |       |     2 |     5 |       ||     7
       Beef jerky        |       |       |     1 |       ||     1

Vault maps used:
D:1:      lemuel_arrival_tunnels, hangedman_decor_points
D:2:      first_bread, ecumenical_altar_2
D:4:      minmay_temple_entry_glassed_door, serial_shops, shop, uniq_natasha
D:7:      grunt_temple_overflow_diamond
D:8:      serial_column_ruins, column_ruins_columns_straight,
          column_ruins_grid_1, column_ruins_corridor_straight,
          column_ruins_grid_3, column_ruins_corridor_dead_end,
          column_ruins_grid_1, serial_shops, shop, david_nohive_1,
          kennysheep_just_a_vault, uniq_gastronok
Temple:   dpeg_five_rooms_temple_12
